 Dungeon Crawl Stone Soup version 0.25-a0-930-g9f5dfa9815 (webtiles) character file.

Game seed: 13586702559021951248, levelgen mode: deterministic

303497 Flugkiller the Severer (level 21, -6/191 HPs)
             Began as a Ghoul Hunter on May 3, 2020.
             Was an Elder of Uskayaw.
             Mangled by a red devil
             ... wielding a +2 demon trident of electrocution
             ... led by a balrug
              (13 damage)
             ... on level 2 of the Abyss.
             The game lasted 01:31:45 (60030 turns).

Flugkiller the Severer (Ghoul Hunter)              Turns: 60030, Time: 01:31:46

Health: -6/191     AC: 34    Str: 21    XL:     21   Next: 9%
Magic:  10/10      EV: 10    Int:  6    God:    Uskayaw [****..]
Gold:   4160       SH:  0    Dex: 16    Spells: 20/20 levels left

rFire    . . .     SeeInvis .   L - +8 Wrath of Trog {antimagic, *Rage}
rCold    + . .     Gourm    .   (shield currently unavailable)
rNeg     + + +     Faith    .   I - +0 plate armour
rPois    ∞         Spirit   .   q - +2 helmet
rElec    .         Reflect  .   C - +2 ratskin cloak {+Rats rPois rN+ Str-1 Int-1 Dex+1}
rCorr    .         Harm     +   p - +1 pair of gloves
MR       +....                  H - +0 pair of boots
Stlth    ..........             S - amulet of Suspected Treachery {Harm *Drain rF- Dex+3 Slay+3}
HPRegen  0.00/turn              a - +6 ring of protection
MPRegen  0.12/turn              P - ring of protection from fire

@: mighty, about to teleport, very slightly contaminated, rotting, hasted, very
quick
A: rotting body, claws 1, carnivore, cold resistance 1, negative energy
resistance 3, inhibited regeneration, torment resistance, unbreathing
}: 2/15 runes: decaying, gossamer
a: Stomp, Line Pass, Renounce Religion, Evoke Ratskin


You were on level 2 of the Abyss.
You worshipped Uskayaw.
Uskayaw was pleased with you.
You were not hungry.

You visited 8 branches of the dungeon, and saw 38 of its levels.
You visited the Abyss 1 time.
You also visited: Gauntlet, Ice Cave and Desolation.

You collected 4511 gold pieces.
You spent 351 gold pieces at shops.

Inventory:

Hand Weapons
 L - the +8 Wrath of Trog (weapon) {antimagic, *Rage}
   (You acquired it on level 2 of the Spider Nest)

   It reduces the magical energy of the wielder, and disrupts the spells and
   magical abilities of those hit.
   Natural abilities and divine invocations are not affected.
   It may make you go berserk in combat.
Missiles
 h - 4 throwing nets
 i - 3 javelins (quivered)
 T - 8 silver javelins
 W - 2 curare-tipped darts
Armour
 p - a +1 pair of gloves (worn)
   (You found it on level 6 of the Dungeon)
 q - a +2 helmet (worn)
   (You found it on level 9 of the Dungeon)
 C - the +2 ratskin cloak (worn) {+Rats rPois rN+ Str-1 Int-1 Dex+1}
   (You found it on level 8 of the Dungeon)

   It affects your strength (-1).
   It affects your intelligence (-1).
   It affects your dexterity (+1).
   It protects you from poison.
   It protects you from negative energy.
 H - a +0 pair of boots (worn)
   (You found it on level 3 of the Lair of Beasts)
 I - a +0 plate armour (worn)
   (You found it on level 2 of the Lair of Beasts)
Jewellery
 a - a +6 ring of protection (left hand)
   (You found it on level 1 of the Spider Nest)
 d - an uncursed ring of protection from magic
   (You found it on level 2 of the Swamp)
 v - the amulet "Ruohanug" {Faith rF+ rN+ Str+3 Int-4}
   (You found it on level 2 of the Spider Nest)

   [amulet of faith]

   It allows you to gain divine favour quickly.
   It affects your strength (+3).
   It affects your intelligence (-4).
   It protects you from fire.
   It protects you from negative energy.
 x - an uncursed ring of protection from magic
   (You found it on level 1 of the Elven Halls)
 M - an uncursed ring of see invisible
   (You found it on level 10 of the Dungeon)
 P - a ring of protection from fire (right hand)
   (You found it on level 6 of the Lair of Beasts)
 R - a +2 ring of protection
   (You found it on level 4 of the Spider Nest)
 S - the amulet of Suspected Treachery (around neck) {Harm *Drain rF- Dex+3 Slay+3}
   (You found it in a Gauntlet)

   [amulet of harm]

   It increases damage dealt and taken.
   It affects your dexterity (+3).
   It affects your accuracy and damage with ranged weapons and melee attacks
   (+3).
   It makes you vulnerable to fire.
   It causes draining when unequipped.
Wands
 o - a wand of digging (5)
   (You found it in a Gauntlet)
 t - a wand of paralysis (33)
   (You found it on level 9 of the Dungeon)
 A - a wand of disintegration (13)
   (You found it on level 9 of the Dungeon)
 B - a wand of clouds (6)
   (You found it on level 2 of the Swamp)
 G - a wand of iceblast (24)
   (You found it on level 2 of the Lair of Beasts)
 O - a wand of enslavement (2)
   (You found it on level 2 of the Elven Halls)
 Q - a wand of scattershot (5)
   (You found it on level 6 of the Lair of Beasts)
 Z - a wand of acid (7)
   (You found it in a Gauntlet)
Scrolls
 b - 5 scrolls of torment
 g - 2 scrolls of summoning
 j - 3 scrolls of fear
 l - 7 scrolls of magic mapping
 m - 8 scrolls of teleportation
 n - 6 scrolls of identify
 s - 5 scrolls of immolation
 w - 5 scrolls of fog
 D - 10 scrolls of remove curse
 E - a scroll of blinking
 F - 5 scrolls of silence
 J - 4 scrolls of vulnerability
 Y - 4 scrolls of enchant armour
Potions
 k - 18 potions of curing
 r - 4 potions of stabbing
 u - 3 potions of flight
 z - 11 potions of cancellation
 N - 3 potions of resistance
 V - 2 potions of might
 X - 4 potions of ambrosia
Miscellaneous
 U - 3 phantom mirrors
Comestibles
 f - 59 rations


   Skills:
 - Level 17.0 Fighting
 - Level 20.0 Axes
 + Level 10.7 Throwing
 - Level 15.0 Armour
 - Level 6.0 Dodging
 - Level 1.1 Stealth
   Level 4.0 Shields
 + Level 13.7 Invocations
 - Level 5.0 Evocations


You had 20 spell levels left.
You didn't know any spells.
Your spell library contained the following spells:

 Spells                   Type           Power        Failure   Level  Hunger
 Animate Skeleton         Necr           N/A          99%         1    ##.....
 Apportation              Tloc           #.....       99%         1    ##.....
 Corona                   Hex            #......      99%         1    ##.....
 Foxfire                  Conj/Fire      #...         99%         1    ##.....
 Magic Dart               Conj           #...         99%         1    ##.....
 Shock                    Conj/Air       #...         99%         1    ##.....
 Summon Small Mammal      Summ           #...         99%         1    ##.....
 Blink                    Tloc           N/A          100%        2    ###....
 Call Imp                 Summ           #.......     100%        2    ###....
 Corpse Rot               Necr/Air       N/A          100%        2    ###....
 Passwall                 Tmut/Erth      #.......     100%        2    ###....
 Shroud of Golubria       Chrm/Tloc      #.....       100%        2    ###....
 Slow                     Hex            #.......     100%        2    ###....
 Swiftness                Chrm/Air       #.......     100%        2    ###....
 Confusing Touch          Hex            #.......     100%        3    ####...
 Conjure Flame            Conj/Fire      #.......     100%        3    ####...
 Gell's Gravitas          Tloc           #.........   100%        3    ####...
 Ignite Poison            Fire/Tmut/Pois #.......     100%        3    ####...
 Inner Flame              Hex/Fire       #.......     100%        3    ####...
 Lesser Beckoning         Tloc           #.........   100%        3    ####...
 Mephitic Cloud           Conj/Pois/Air  #.......     100%        3    ####...
 Static Discharge         Conj/Air       #.......     100%        3    ####...
 Stone Arrow              Conj/Erth      #.....       100%        3    ####...
 Teleport Other           Tloc           #.......     100%        3    ####...
 Passage of Golubria      Tloc           N/A          100%        4    #####..
 Petrify                  Tmut/Erth      #.......     100%        4    #####..
 Sticky Flame             Conj/Fire      #.......     100%        4    #####..
 Aura of Abjuration       Summ           #.........   100%        5    ######.
 Fireball                 Conj/Fire      #.........   100%        5    ######.
 Lee's Rapid Deconstruct  Erth           #.........   100%        5    ######.
 Lightning Bolt           Conj/Air       #.........   100%        5    ######.
 Metabolic Englaciation   Hex/Ice        #.........   100%        5    ######.
 Summon Forest            Summ/Tloc      #.........   100%        5    ######.
 Yara's Violent Unravell  Hex/Tmut       #.........   100%        5    ######.
 Darkness                 Hex            #.........   100%        6    #######
 Eringya's Noxious Bog    Tmut/Pois      #.........   100%        6    #######
 Freezing Cloud           Conj/Ice/Air   #.........   100%        6    #######
 Invisibility             Hex            #.......     100%        6    #######
 Ozocubu's Refrigeration  Ice            #.........   100%        6    #######
 Shadow Creatures         Summ           N/A          100%        6    #######
 Simulacrum               Ice/Necr       #.........   100%        6    #######
 Starburst                Conj/Fire      #.........   100%        6    #######
 Ring of Flames           Chrm/Fire      #.........   100%        7    #######
 Summon Hydra             Summ           #.........   100%        7    #######
 Ignition                 Fire           #.........   100%        8    #######
 Shatter                  Erth           #.........   100%        9    #######
 Tornado                  Air            #.........   100%        9    #######
 Ice Form                 Ice/Tmut       Unusable     N/A         4    N/A
 Hydra Form               Tmut           Unusable     N/A         6    N/A

Dungeon Overview and Level Annotations

Branches:
Dungeon (15/15)            Temple (1/1) D:7            Lair (6/6) D:8
  Swamp (4/4) Lair:3       Spider (4/4) Lair:3        Slime (0/5) Lair:5
    Orc (2/2) D:9             Elf (3/3) Orc:2        Vaults (3/5) D:13
 Depths (0/5) D:15          IceCv (visited)         Desolation (visited)
Gauntlet (visited)
  Crypt: Vaults:2-3

Altars:
Ashenzari
Cheibriados
Dithmenos
Elyvilon
Fedhas
Gozag
Hepliaklqana
Kikubaaqudgha
Makhleb
Nemelex Xobeh
Okawaru
Qazlal
Ru
Sif Muna
Trog
Uskayaw
Vehumet
Wu Jian
Yredelemnul
Zin
The Shining One
Beogh
Jiyva

Shops:
D:4 [   D:9 (?   D:11 }   Orc:2 [:}:   Vaults:1 =

Annotations:
Lair:1 1 runed translucent door, TrebMcFLY's ghost, journeyman OpFi
Lair:2 exclusion: 3 oklob plants
Elf:1 3 runed translucent doors
Elf:2 1 runed translucent door, Hicoetiz's ghost, adept SpEn
Vaults:1 3 runed translucent doors, exclusion: obsidian statue, Tazamm's ghost, adept MiBe


Innate Abilities, Weirdness & Mutations

Your body is rotting away.
You thrive on raw meat.
You are immune to poison.
You have sharp fingernails.
You are carnivorous and can eat meat at any time.
Your flesh is cold resistant. (rC+)
You are immune to negative energy. (rN+++)
You do not regenerate when monsters are visible.
You are immune to unholy pain and torment.
You can survive without breathing.


Message History

Your plate armour prevents you from hitting the raiju.
The raiju is moderately wounded.
The balrug gestures at you.
The bolt of fire hits you but does no damage.
The bolt of fire misses you.
The raiju bursts into living lightning!
The living lightning misses you. x2
The living lightning misses the red devil.
The living lightning misses the raiju.
The raiju blinks! x3
Unknown command.
You feel much better.
The raiju bursts into living lightning!
The living lightning hits the raiju.
The raiju completely resists.
The living lightning misses you. The living lightning hits you!
* * * LOW HITPOINT WARNING * * *
The raiju blinks!
Unknown command.
You feel yourself speed up. The balrug barely misses you.
Unknown command.
You feel very mighty all of a sudden.
The red devil hits you from afar with a +2 demon trident of electrocution!
* * * LOW HITPOINT WARNING * * *
The balrug hits you but does no damage. The raiju bites you.
* * * LOW HITPOINT WARNING * * *
The raiju shocks you!
* * * LOW HITPOINT WARNING * * *
You slice the balrug like a ripe choko!!!
You kill the balrug!
You slash the raiju!
The raiju's magic leaks into the air.
You slash the raiju!
The raiju's magic leaks into the air.
You hear a bellow!
You hear a shout!
The raiju misses you.
Uskayaw will force your foes to share their pain.
Uskayaw links your audience in an emotional bond!
Unknown command.
You feel better.
The red devil hits you but does no damage.
You are electrocuted!!
* * * LOW HITPOINT WARNING * * *
The raiju bites you but does no damage.
You slice the raiju!!
You kill the raiju! x2
You closely miss the sun demon.
Unknown command.
You slice the sun demon!!
You kill the sun demon!
The red devil hits you from afar with a +2 demon trident of electrocution.
* * * LOW HITPOINT WARNING * * *
You are electrocuted!
You die...

.#... 3... ..... #
.......÷.#.... . . #
....#.....=...# . . .
# ..#...##.#.......
..##. .........# ....>
##...###§..###...###..
. #.....#..4..#.....#
..# . ........).......
....# # .# . #@†...#
....#.# # . ##...###.
.## . # # ##.## ##.##
. # #. ...# #...## . .
.# . .. .. ..# ....#.#
# . . .. .......... .
... . . #. ...#..... .
#. ...# #. .###...# .
# . #. # .#


You could see a red devil.

Vanquished Creatures
  Arachne (Spider:4)
  Rupert (D:13)
  A deep elf blademaster (Elf:2)
  A thorn hunter (Swamp:1)
  A storm dragon (Elf:1)
  8 emperor scorpions
  A fire giant (Vaults:3)
  An imperial myrmidon (Desolation)
  A deep elf sorcerer (Vaults:1)
  2 ghost moths (Spider:4)
  3 vault wardens (Vaults:2)
  A balrug (Abyss:2)
  Aizul (Swamp:1)
  5 entropy weavers
  3 stone giants
  5 ironheart preservers
  Nessos (D:13)
  2 deep elf demonologists (Elf:1)
  A minotaur (Gauntlet)
  A dire elephant (Lair:6)
  Snorg (D:13)
  3 deep elf death magi
  An ettin (Vaults:2)
  2 deep elf high priests (Elf:1)
  2 fire dragons
  2 yaktaur captains
  An ice dragon (Elf:1)
  2 vault guards (Vaults:2)
  2 servants of whispers (Desolation)
  Harold (D:8)
  2 rakshasas (Vaults:3)
  19 hydras
  4 centaur warriors
  4 shambling mangroves
  3 death knights
  23 two-headed ogres
  21 dancing weapons
  11 alligators
  A queen ant (D:11)
  A deep troll earth mage (Vaults:1)
  A deep troll shaman (Vaults:1)
  6 ogre magi
  A tengu warrior (D:13)
  A spriggan berserker (Swamp:4)
  3 orc high priests
  Urug (D:12)
  A sun demon (Abyss:2)
  Nergalle (Lair:1)
  23 deep elf knights
  A soul eater (Gauntlet)
  A death drake (Gauntlet)
  A glowing orange brain (Vaults:1)
  4 unseen horrors
  A flayed ghost (Vaults:1)
  2 deep trolls (Vaults:1)
  A spriggan druid (Swamp:3)
  10 swamp dragons
  7 wizards
  9 ironbrand convokers
  A necromancer (Lair:3)
  17 deep elf archers
  5 harpies (Vaults:3)
  15 ugly things
  A wolf spider zombie (D:14)
  39 orb spiders
  19 orc knights
  45 deep elf magi
  3 manticores
  31 wolf spiders
  6 cyclopes
  9 elephants
  2 orc sorcerers
  3 centaur zombies (Gauntlet)
  5 moths of wrath
  A guardian serpent (Lair:6)
  A spectral centaur (Gauntlet)
  An apocalypse crab (Abyss:2)
  2 ice statues (IceCv)
  7 black mambas
  A naga mage (D:15)
  9 vault sentinels
  4 centaur skeletons
  2 gargoyles
  26 spiny frogs
  5 rime drakes
  A tormentor (Spider:2)
  A yaktaur (shapeshifter) (Elf:1)
  12 yaktaurs
  5 demonic crawlers
  8 ice devils
  4 komodo dragons
  8 freezing wraiths
  7 trolls
  A meliai (shapeshifter) (Vaults:2)
  37 jumping spiders
  10 tyrant leeches
  A polar bear (Lair:3)
  A harpy skeleton (D:15)
  Grinder (D:3)
  15 hornets
  6 blink frogs
  9 saltlings (Desolation)
  8 hippogriffs
  15 slime creatures
  14 bog bodies
  A meliai zombie (D:15)
  4 raiju (Abyss:2)
  5 dream sheep (Lair:6)
  A large abomination (Abyss:2)
  2 spriggans
  2 air elementals (Elf:1)
  3 shadows
  72 redbacks
  22 tarantellas
  4 water elementals
  A spriggan (shapeshifter) (D:14)
  2 wraiths (Vaults:1)
  3 fire elementals (Elf:1)
  Grum (D:10)
  A yak (shapeshifter) (Elf:2)
  4 steam dragons
  8 wyverns
  49 yaks
  16 humans
  6 basilisks
  30 vampire mosquitoes
  A hungry ghost (D:14)
  Menkaure (D:4)
  7 wargs
  13 insubstantial wisps
  20 soldier ants (D:11)
  16 swamp worms
  28 water moccasins
  2 acid dragons
  12 swamp drakes
  5 porcupines
  An ice beast (shapeshifter) (Vaults:3)
  An ice beast (D:14)
  3 sky beasts
  4 eyes of draining
  47 orc warriors
  4 necrophages
  2 black bears (shapeshifter)
  15 ogres
  2 black bears
  4 phantoms
  An ettin simulacrum (Vaults:3)
  17 centaurs
  7 wolves
  19 crocodiles
  A big kobold (D:10)
  16 bullfrogs
  An earth elemental (Elf:2)
  4 scorpions
  8 wights
  9 howler monkeys
  5 electric eels
  7 crimson imps
  3 bullfrog zombies
  A human simulacrum (Vaults:1)
  9 hounds
  3 jellies
  A quasit (D:7)
  3 gnoll shamans (D:14)
  17 orc wizards
  3 bullfrog skeletons
  17 orc priests
  Terence (D:3)
  Jessica (D:3)
  2 iguanas
  3 hell rats (D:8)
  2 polar bear simulacra (Lair:3)
  28 worker ants
  A killer bee zombie (D:7)
  3 wolf simulacra (Lair:3)
  A yak simulacrum (Lair:3)
  2 hound zombies
  2 mummies (D:7)
  4 worker ant zombies
  A howler monkey skeleton (D:7)
  21 gnolls
  4 river rats (D:8)
  12 adders
  4 shadow imps
  13 white imps
  6 ufetubi (IceCv)
  2 oozes
  2 adder zombies
  3 worms
  4 dart slugs
  5 leopard geckos
  108 orcs
  2 ball pythons
  10 bats
  5 giant cockroaches
  7 goblins
  3 hobgoblins (D:1)
  15 jackals
  4 quokkas
  4 frilled lizards
  17 kobolds
  A quokka zombie (D:10)
  20 rats
  5 river rat simulacra (Lair:3)
  6 fungi
  11 plants
1568 creatures vanquished.

Vanquished Creatures (others)
  A reaper (IceCv)
  A spiny frog (Swamp:2)
  A centaur (D:15)
  A white imp (IceCv)
  An ufetubus (IceCv)
  2 orcs (Elf:1)
  2 briar patches (Swamp:1)
  16 fungi
  24 plants
  2 withered plants (Elf:2)
51 creatures vanquished.

Grand Total: 1619 creatures vanquished

Notes
Turn   | Place    | Note
-------+----------+-------------------------------------------
     0 | D:1      | Flugkiller the Ghoul Hunter began the quest for the Orb.
     0 | D:1      | Reached XP level 1. HP: 17/17 MP: 0/0
   342 | D:1      | Reached XP level 2. HP: 25/25 MP: 1/1
   855 | D:1      | Reached XP level 3. HP: 31/31 MP: 2/2
  1641 | D:2      | Found a shattered altar of Ashenzari.
  1755 | D:2      | Reached XP level 4. HP: 40/40 MP: 3/3
  1796 | D:2      | Found a blossoming altar of Fedhas.
  2341 | D:3      | Noticed Grinder
  3025 | D:3      | Reached skill level 5 in Fighting
  3043 | D:3      | Reached skill level 1 in Armour
  3043 | D:3      | Reached XP level 5. HP: 41/46 MP: 4/4
  3191 | D:3      | Killed Grinder
  3191 | D:3      | Reached XP level 6. HP: 40/56 MP: 5/5
  3425 | D:3      | Noticed Jessica
  3437 | D:3      | Killed Jessica
  3576 | D:3      | Noticed Terence
  3605 | D:3      | Killed Terence
  3772 | D:3      | Found a sparkling altar of Nemelex Xobeh.
  3773 | D:3      | Found an opulent altar of Gozag.
  3793 | D:3      | Reached XP level 7. HP: 43/62 MP: 6/6
  4079 | D:3      | Found a glowing golden altar of the Shining One.
  4805 | D:4      | Found Dom Opa's Antique Armour Shop.
  4812 | D:4      | Noticed Menkaure
  4839 | D:4      | Killed Menkaure
  5083 | D:4      | Reached XP level 8. HP: 64/71 MP: 7/7
  5441 | D:5      | Entered Level 5 of the Dungeon
  5458 | D:5      | Reached skill level 5 in Armour
  6226 | D:5      | Got a warped spear
  6229 | D:5      | Identified the cursed +1 spear of the Big Fish {venom, rC+}
                  | (You found it on level 5 of the Dungeon)
  6244 | D:5      | Reached skill level 1 in Axes
  6651 | D:6      | Reached skill level 2 in Axes
  6712 | D:6      | Reached skill level 3 in Axes
  6963 | D:6      | Reached skill level 4 in Axes
  6972 | D:6      | Reached skill level 5 in Axes
  6972 | D:6      | Reached XP level 9. HP: 42/81 MP: 8/8
  7127 | D:6      | Found an ornate altar of the Wu Jian Council.
  7157 | D:6      | Found a radiant altar of Vehumet.
  7158 | D:6      | Found a stormy altar of Qazlal.
  7159 | D:6      | Found a hazy altar of Hepliaklqana.
  7161 | D:6      | Found a snail-covered altar of Cheibriados.
  7416 | D:7      | Reached skill level 6 in Axes
  7961 | D:7      | Reached skill level 7 in Axes
  8015 | D:6      | Reached skill level 8 in Axes
  8488 | D:7      | Reached XP level 10. HP: 75/88 MP: 9/9
  8572 | D:7      | Reached skill level 9 in Axes
  9106 | D:7      | Found a staircase to the Ecumenical Temple.
  9115 | Temple   | Entered the Ecumenical Temple
  9122 | Temple   | Became a worshipper of Uskayaw the Reveler
  9373 | D:8      | Reached * piety under Uskayaw
  9383 | D:8      | Noticed an elephant
  9387 | D:8      | Reached ** piety under Uskayaw
  9401 | D:8      | Killed an elephant
  9401 | D:8      | Reached skill level 10 in Axes
  9401 | D:8      | Reached *** piety under Uskayaw
  9405 | D:8      | Reached skill level 1 in Invocations
  9405 | D:8      | Reached **** piety under Uskayaw
  9406 | D:8      | Reached ***** piety under Uskayaw
  9418 | D:8      | Got a translucent zirconium amulet
  9471 | D:8      | Found a staircase to the Lair.
  9473 | D:8      | Noticed Harold
  9519 | D:8      | Killed Harold
  9538 | D:8      | Noticed a two-headed ogre
  9919 | D:8      | Noticed a two-headed ogre
 10262 | D:8      | Reached skill level 5 in Invocations
 10500 | D:8      | Killed a two-headed ogre
 10753 | D:8      | Found the +2 ratskin cloak {+Rats rPois rN+ Str-1 Int-1
                  | Dex+1}
 10771 | D:8      | Reached XP level 11. HP: 53/94 MP: 13/13
 11052 | D:8      | Identified the amulet "Ziocisch" {Acrobat MR++ Str+3
                  | Slay-5} (You found it on level 8 of the Dungeon)
 11360 | D:9      | Reached skill level 5 in Evocations
 11472 | D:9      | Found Gajunem's Antique Weapon Boutique.
 11563 | D:9      | Found a staircase to the Orcish Mines.
 11778 | D:9      | Found Umogga's Magic Scroll Emporium.
 11783 | D:9      | Bought a scroll of blinking for 97 gold pieces
 11783 | D:9      | Bought a scroll of fog for 26 gold pieces
 11783 | D:9      | Bought a scroll of magic mapping for 45 gold pieces
 11783 | D:9      | Bought a scroll of identify for 26 gold pieces
 11945 | D:9      | Found a radiant altar of Vehumet.
 12094 | D:9      | Found a shadowy altar of Dithmenos.
 12106 | D:9      | Found a white marble altar of Elyvilon.
 12219 | Lair:1   | Entered Level 1 of the Lair of Beasts
 13137 | Lair:1   | Reached skill level 11 in Axes
 13749 | Lair:1   | Found a runed translucent door.
 13750 | Lair:1   | Noticed a spriggan rider
 13823 | Lair:1   | Noticed TrebMcFLY's ghost (journeyman OpFi)
 13825 | Lair:1   | Noticed Nergalle
 13834 | Lair:1   | Noticed a spectral orc warlord
 13841 | Lair:1   | Killed Nergalle
 13841 | Lair:1   | Reached XP level 12. HP: 89/101 MP: 17/17
 13852 | Lair:1   | Identified the +8 spear of the Gloaming {freeze, Int+4
                  | Dex-5 Stlth+}
 14122 | Lair:2   | Reached skill level 12 in Axes
 14382 | Lair:2   | Identified a scroll of acquirement
 14770 | Lair:2   | Reached skill level 10 in Fighting
 16497 | Lair:3   | Found a bloodstained altar of Trog.
 16689 | Lair:3   | Found a hole to the Spider Nest.
 17088 | Lair:3   | Found a staircase to the Swamp.
 17584 | Lair:4   | Noticed a six-headed hydra
 17607 | Lair:4   | Killed an eight-headed hydra
 17773 | Lair:4   | Reached XP level 13. HP: 112/116 MP: 18/18
 18422 | Lair:5   | Found a viscous altar of Jiyva.
 18422 | Lair:5   | Found a staircase to the Slime Pits.
 18920 | Lair:5   | Reached skill level 5 in Throwing
 19530 | Lair:6   | Entered Level 6 of the Lair of Beasts
 19928 | Lair:6   | Noticed a dire elephant
 21296 | Lair:6   | Reached skill level 10 in Throwing
 21863 | Lair:6   | Killed a dire elephant
 21863 | Lair:6   | Reached XP level 14. HP: 35/124 MP: 19/19
 23112 | D:10     | Entered Level 10 of the Dungeon
 23208 | D:10     | Reached skill level 13 in Axes
 23517 | D:10     | Noticed Grum
 23529 | D:10     | Killed Grum
 24184 | D:11     | Found Dopt's Gadget Shoppe.
 24446 | D:11     | Reached ****** piety under Uskayaw
 25695 | D:12     | Got a slimy ring mail
 25818 | D:12     | Identified the +4 ring mail of the Trout {MR+ Regen+ Dex-5}
                  | (You found it on level 12 of the Dungeon)
 25840 | D:13     | Found a gate to the Vaults.
 25840 | D:13     | Noticed Rupert
 25840 | D:13     | Noticed Urug
 25840 | D:13     | Noticed Nessos
 26059 | D:12     | Killed Urug
 26368 | D:13     | Killed Nessos
 26808 | D:13     | Reached skill level 10 in Invocations
 26986 | D:13     | Noticed Snorg
 26999 | D:13     | Killed Snorg
 27295 | D:13     | Reached XP level 15. HP: 107/132 MP: 21/21
 27563 | D:13     | Killed Rupert
 27961 | D:14     | Reached skill level 10 in Armour
 28013 | D:14     | Reached skill level 14 in Axes
 28086 | D:14     | Found a gate leading to a gauntlet.
 28118 | Gauntlet | Entered a Gauntlet
 28118 | Gauntlet | Found a transporter.
 28118 | Gauntlet | Found a transporter.
 28169 | Gauntlet | Found a transporter.
 28173 | Gauntlet | Found a transporter.
 28184 | Gauntlet | Found a transporter.
 28185 | Gauntlet | Found a transporter.
 28197 | Gauntlet | Found a transporter.
 28202 | Gauntlet | Found a runed translucent door.
 28209 | Gauntlet | Found a transporter.
 28223 | Gauntlet | Found a transporter.
 28227 | Gauntlet | Found a transporter.
 28235 | Gauntlet | Found a transporter.
 28239 | Gauntlet | Found a transporter.
 28392 | Gauntlet | Identified Loak's Guide on Cloudy Creation
 28618 | Gauntlet | Got a scorched pewter amulet
 28624 | Gauntlet | Identified the +5 hunting sling "Wadghoki" {flame, +Fly
                  | rF++ Str-4 Dex+3}
 28669 | Gauntlet | Identified the amulet of Suspected Treachery {Harm *Drain
                  | rF- Dex+3 Slay+3} (You found it in a Gauntlet)
 28837 | D:14     | Found an opulent altar of Gozag.
 29754 | D:14     | Found an iron altar of Okawaru.
 29946 | D:15     | Entered Level 15 of the Dungeon
 30948 | D:15     | Found a blossoming altar of Fedhas.
 31158 | D:15     | Reached skill level 5 in Dodging
 31164 | D:15     | Paralysed by a wizard for 4 turns
 31282 | D:15     | Found a staircase to the Depths.
 31289 | D:15     | Reached XP level 16. HP: 112/141 MP: 23/23
 31610 | Orc:1    | Entered Level 1 of the Orcish Mines
 31617 | Orc:1    | Found a roughly hewn altar of Beogh.
 31811 | Orc:2    | Entered Level 2 of the Orcish Mines
 31836 | Orc:2    | Found a frozen archway.
 31845 | IceCv    | Entered an ice cave
 32810 | Orc:2    | Found a staircase to the Elven Halls.
 32942 | Orc:2    | Found Los Nuvvi's Book Emporium.
 35457 | Orc:2    | Found a roughly hewn altar of Beogh.
 35534 | Orc:2    | Found Kamuca's Gadget Boutique.
 35605 | Orc:2    | Found a roughly hewn altar of Beogh.
 35613 | Orc:2    | Found Etaxisek's Book Emporium.
 35613 | Orc:2    | Found Iwugu's Antique Armour Boutique.
 35954 | Orc:2    | Bought a glowing tower shield for 157 gold pieces
 36217 | Spider:1 | Entered Level 1 of the Spider Nest
 36222 | Spider:1 | Reached skill level 15 in Axes
 36252 | Spider:1 | Reached skill level 1 in Shields
 38730 | Spider:2 | Found the +8 Wrath of Trog {antimagic, *Rage}
 38901 | Spider:2 | Found a transporter.
 39005 | Spider:2 | Found a transporter.
 39177 | Spider:2 | You fall into a shaft and drop 1 floor!
 40183 | Spider:3 | Reached XP level 17. HP: 151/154 MP: 8/24
 40446 | Spider:3 | Reached skill level 15 in Fighting
 40758 | Spider:3 | Reached skill level 16 in Axes
 41291 | Spider:4 | Entered Level 4 of the Spider Nest
 41291 | Spider:4 | Noticed Arachne
 41303 | Spider:4 | Killed Arachne
 42264 | Spider:4 | Reached skill level 17 in Axes
 44083 | Spider:4 | Got a gossamer rune of Zot
 44524 | Swamp:1  | Entered Level 1 of the Swamp
 44623 | Swamp:1  | Noticed Aizul
 44639 | Swamp:1  | Killed Aizul
 44670 | Swamp:1  | Reached XP level 18. HP: 163/163 MP: 8/25
 44842 | Swamp:1  | Reached skill level 18 in Axes
 47467 | Swamp:4  | Entered Level 4 of the Swamp
 48472 | Swamp:4  | Got a decaying rune of Zot
 49367 | Elf:1    | Entered Level 1 of the Elven Halls
 49543 | Elf:1    | Noticed a Tzitzimitl
 50186 | Elf:1    | Reached XP level 19. HP: 153/172 MP: 9/27
 51431 | Elf:1    | Noticed a Hell Sentinel
 51442 | Elf:1    | Found a runed translucent gate.
 51442 | Elf:1    | Found a runed translucent gate.
 51442 | Elf:1    | Found a runed translucent gate.
 51442 | Elf:1    | Found a runed translucent gate.
 51442 | Elf:1    | Found a runed translucent gate.
 51445 | Elf:1    | Found a runed translucent gate.
 51469 | Elf:1    | Got an ancient helmet
 51470 | Elf:1    | Identified the +1 helmet "Wanom" {rN+ Regen+ Str-3} (You
                  | found it on level 1 of the Elven Halls)
 52803 | Elf:2    | Found a ruined gateway.
 52942 | Desolati | Entered the Desolation of Salt
 53469 | Elf:2    | Found a shimmering blue altar of Sif Muna.
 53486 | Elf:2    | Found a runed translucent door.
 53486 | Elf:2    | Noticed Hicoetiz's ghost (adept SpEn)
 53742 | Elf:2    | Found a runed translucent gate.
 53742 | Elf:2    | Found a runed translucent gate.
 53836 | Elf:2    | Found a runed translucent gate.
 53854 | Elf:2    | Reached skill level 19 in Axes
 54594 | Elf:3    | Entered Level 3 of the Elven Halls
 54978 | Vaults:1 | Entered Level 1 of the Vaults
 54987 | Vaults:1 | Reached XP level 20. HP: 175/184 MP: 9/28
 55980 | Vaults:1 | Found Vudus Xogg's Jewellery Shop.
 56062 | Vaults:1 | Found a runed translucent gate.
 56062 | Vaults:1 | Found a runed translucent gate.
 56062 | Vaults:1 | Found a runed translucent gate.
 56063 | Vaults:1 | Found an opulent altar of Gozag.
 56063 | Vaults:1 | Noticed Tazamm's ghost (adept MiBe)
 57595 | Spider:2 | Identified the ring "Myubren" {*Slow rPois rC+ rN+} (You
                  | found it on level 2 of the Spider Nest)
 57610 | Spider:2 | Identified the amulet "Ruohanug" {Faith rF+ rN+ Str+3
                  | Int-4} (You found it on level 2 of the Spider Nest)
 58330 | Vaults:2 | Identified the +5 scale mail of Dishonour {+Inv rC+ rCorr}
 58556 | Vaults:2 | Reached skill level 20 in Axes
 58843 | Vaults:2 | Got a dazzling scale mail
 58892 | Vaults:2 | Identified the +5 scale mail of Inlaplimu {Str+2} (You
                  | found it on level 2 of the Vaults)
 59081 | Vaults:2 | Reached skill level 15 in Armour
 59918 | Vaults:3 | Reached XP level 21. HP: 180/191 MP: 10/30
 59952 | Vaults:3 | Cast into level 2 of the Abyss (orc knight)
 59952 | Abyss:2  | Found a corrupted altar of Lugonu.
 60030 | Abyss:2  | HP: 7/191 [red devil/+2 demon trident of electrocution[a
                  | balrug] (6)]
 60030 | Abyss:2  | Mangled by a red devil

Levels and vault maps discovered:
D:1:      wheals_arrival_shading, layout_basic, minmay_misc_feat_more_columns
D:2:      layout_loops_cross, old_standard_altar, old_standard_altar
D:3:      layout_basic, grunt_temple_overflow_opulence, tso_altar, uniq_grinder,
          uniq_terence, uniq_jessica
D:4:      layout_rooms, serial_shops, kennysheep_little_box, uniq_menkaure
D:5:      layout_layer_cave, first_ration
D:6:      layout_cave_pools, nicolae_overflow_crystal_walls,
          chequers_temple_overflow_statue_of_worship, kennysheep_generic_room_13
D:7:      layout_cave_pools, lemuel_temple_firewalk_b, serial_undead,
          serial_undead_a, serial_undead_b, serial_undead_e, serial_undead_b,
          serial_undead_a, serial_undead_c, the_bakery,
          ebering_dispersal_statue_hall
D:8:      wander_guarded_unrand_ratskin, layout_loops_ring, david_lair_generic,
          uniq_harold
D:9:      layout_basic, minitemple, basic_altar, serial_shops,
          nicolae_shop_overgrown_old_shop, shop_statue
D:10:     layout_basic, centaur_isle, uniq_grum
D:11:     layout_roguey, serial_shops, shop, minivault_29
D:12:     layout_rooms, minivault_19
D:13:     layout_irregular_city, david_vaults_3, uniq_snorg
D:14:     kennysheep_seaside_town, layout_small_grid, gauntlet_entry_generic,
          minmay_staircase_statues_hall_large, basic_altar,
          grunt_gozag_breadcrumbs, uniq_nessos
D:15:     grunt_enter_depths_magical_seal, layout_rooms, minmay_misc_feat_alley,
          fedhas_altar_fruit_tree
Temple:   eino_temple_lava
Lair:1:   layout_hall_layers, ebering_ghost_funeral_grove, uniq_nergalle
Lair:2:   layout_chaotic_city, grunt_megastairs_4, minmay_lair_oklob_chamber
Lair:3:   layout_roguey, minmay_swamp_entry_worms,
          nicolae_spider_entry_tight_spaces, basic_altar,
          eino_house_with_fridge, lemuel_fruit_tree
Lair:4:   layout_hall_layers, grunt_megastairs_5
Lair:5:   layout_concentric_octagons, slime_altar_1
Lair:6:   hangedman_lair_tendril_chambers, layout_gridlike,
          guppyfry_lair_end_dragon, serial_bayou_lake_a
Swamp:1:  layout_falls_marsh, evilmike_swamp_ruin_house_1, uniq_aizul
Swamp:2:  layout_basic_swamp, hangedman_swamp_ruin_hall
Swamp:3:  layout_basic_swamp, evilmike_swamp_ruin_house_3
Swamp:4:  swamp_basic_johnstein, layout_basic_swamp
Spider:1: layout_spider_delve
Spider:2: gammafunk_its_a_trap, nicolae_orb_island
Spider:3: layout_spider_delve, nicolae_orb_stairs
Spider:4: grunt_spider_rune_circles, drop_trap, nicolae_spider_nook,
          uniq_arachne
Orc:1:    layout_caves, basic_altar
Orc:2:    st_orc_town, layout_diamond_mine, portal_ice_cave_entry_pillars_2,
          kennysheep_orc_chapel, uniq_urug
Elf:1:    kennysheep_room_grid, layout_loops_corners, orc_legates
Elf:2:    layout_loops_ring, portal_desolation_entry_nicolae_slug, basic_altar,
          gammafunk_ghost_grave, st_stairs_8
Elf:3:    minmay_elf_hall_not_hex, layout_rooms, gammafunk_ghost_grave,
          serial_shops, nicolae_shop_trees
Vaults:1: ebering_vaults_ghost_gozag, ontoclasm_vaults_claustrophobia,
          nicolae_vaults_an_arrangement, nicolae_vaults_circle_grid_b,
          ontoclasm_vaults_tryst, vaults_dpeg_diagonal,
          nicolae_vaults_mini_display_case, vaults_dpeg_encased_lava,
          ontoclasm_vaults_chip, layout_vaults_omnicross, serial_shops, shop
Vaults:2: hangedman_vaults_hat, ontoclasm_vaults_hangar, grunt_vaults_bifocal,
          v_pattern_4, v_misc_4, nicolae_vaults_shelves_hall,
          ontoclasm_vaults_hangar, hangedman_vaults_stream,
          nicolae_vaults_specimen_jars, v_misc_27, ontoclasm_vaults_shuriken,
          nicolae_vaults_ninety_degrees, ontoclasm_vaults_gateway,
          layout_vaults_ring
Vaults:3: minmay_crypt_entry_simple_plaza, nicolae_vaults_puzzle_piece,
          v_misc_12, vaults_room_octagon, hangedman_vaults_corner,
          vaults_mumra_lcd, nicolae_vaults_little_squares_4,
          vaults_room_grunt_arrival_ludios, layout_vaults_chaotic_city,
          serial_shops, shop, uniq_boris, uniq_frederick
Abyss:2:  base: Orc:2, base: Lair:2, evilmike_abyss_exit_mutagenic

Skill      XL: |  1  2  3  4  5  6  7  8  9 10 11 12 13 14 15 16 17 18 19 20 |
---------------+-------------------------------------------------------------+-----
Fighting       | 3 4 5 8 11 12 14 15 17 | 17.0
Throwing       | 4 10 | 10.7
Armour         | 1 3 4 6 7 9 11 12 13 15 | 15.0
Axes           | 5 8 10 11 12 13 14 15 17 18 19 20 | 20.0
Dodging        | 3 5 6 |  6.0
Invocations    | 5 8 10 11 12 13 | 13.7
Evocations     | 4 5 |  5.0
Shields        | 4 |  4.0
Stealth        | |  1.1

Action                   |  1- 3 |  4- 6 |  7- 9 | 10-12 | 13-15 | 16-18 | 19-21 || total
-------------------------+-------+-------+-------+-------+-------+-------+-------++-------
Melee: Short sword       |   143 |   106 |       |       |       |       |       ||   249
       Dagger            |       |    65 |   132 |       |       |       |       ||   197
       Spear             |       |       |    63 |       |       |       |       ||    63
       Hand axe          |       |       |   198 |   362 |       |       |       ||   560
       War axe           |       |       |     5 |   301 |   445 |       |       ||   751
       Battleaxe         |       |       |       |       |   758 |  1094 |   705 ||  2557
       Broad axe         |       |       |       |       |       |   168 |       ||   168
Throw: Javelin           |       |    12 |       |       |    28 |    74 |    38 ||   152
       Throwing net      |       |     2 |       |       |       |     4 |     2 ||     8
Invok: Stomp             |       |       |       |     5 |    17 |     5 |     1 ||    28
       Line Pass         |       |       |       |       |     1 |       |       ||     1
       Grand Finale      |       |       |       |       |     2 |     1 |     5 ||     8
 Abil: Evoke Flight      |       |       |       |       |     2 |       |       ||     2
Evoke: Wand              |       |       |       |    12 |    24 |    40 |       ||    76
  Use: Scroll            |       |     1 |     7 |    14 |    14 |    18 |     8 ||    62
       Potion            |       |       |     1 |       |     3 |     7 |     9 ||    20
 Stab: Sleeping          |     1 |       |       |       |       |       |       ||     1
       Paralysed         |       |       |       |    43 |   157 |   117 |   113 ||   430
       Confused          |       |       |       |       |     1 |       |       ||     1
       Invisible         |       |       |       |       |     2 |       |     3 ||     5
       Distracted        |       |       |       |       |       |     1 |       ||     1
  Eat: Chunk             |     4 |     7 |    23 |   102 |   132 |   145 |    63 ||   476
       Ration            |       |     1 |     1 |       |       |     2 |     1 ||     5
Armor: Leather armour    |    39 |       |       |       |       |       |       ||    39
       Chain mail        |    30 |    84 |   268 |   265 |       |       |       ||   647
       Plate armour      |       |       |       |   150 |  1050 |  1327 |   390 ||  2917
Dodge: Dodged            |    87 |    71 |   147 |   252 |   459 |   676 |   232 ||  1924
Block: Kite shield       |       |       |       |       |    75 |       |       ||    75
       Tower shield      |       |       |       |       |       |   148 |       ||   148

Table legend:
 A = Non-vault XP
 B = Vault XP
 C = Vault XP percentage of total XP
 D = Non-vault monster count
 E = Vault monster count
 F = Vault count percentage of total count
                 A         B        C        D         E       F
            +---------+---------+-------+---------+---------+-------
      Total |  279598 |  221646 |  44.2 |     975 |     577 |  37.2
            +---------+---------+-------+---------+---------+-------
        D:1 |      40 |       0 |   0.0 |      20 |       0 |   0.0
        D:2 |      98 |       0 |   0.0 |      18 |       0 |   0.0
        D:3 |     151 |     356 |  70.2 |      32 |       3 |   8.6
        D:4 |     543 |     172 |  24.1 |      15 |       1 |   6.2
        D:5 |     441 |       0 |   0.0 |      13 |       0 |   0.0
        D:6 |    1222 |     119 |   8.9 |      28 |       1 |   3.4
        D:7 |    1608 |     886 |  35.5 |      31 |      13 |  29.5
        D:8 |    1585 |    2150 |  57.6 |      21 |      26 |  55.3
        D:9 |    1861 |       0 |   0.0 |      18 |       0 |   0.0
       D:10 |    1300 |    1351 |  51.0 |      25 |      11 |  30.6
       D:11 |    2697 |    4506 |  62.6 |      21 |      36 |  63.2
       D:12 |     630 |    1601 |  71.8 |       9 |       5 |  35.7
       D:13 |    8828 |    8608 |  49.4 |      48 |      16 |  25.0
       D:14 |   12136 |    1464 |  10.8 |      32 |      24 |  42.9
       D:15 |   15144 |    7674 |  33.6 |      49 |      10 |  16.9
     Lair:1 |    6970 |     796 |  10.2 |      33 |       1 |   2.9
     Lair:2 |    4439 |     763 |  14.7 |      14 |       4 |  22.2
     Lair:3 |    3262 |    3184 |  49.4 |      14 |      21 |  60.0
     Lair:4 |    2336 |     142 |   5.7 |       8 |       1 |  11.1
     Lair:5 |    4832 |     620 |  11.4 |      16 |       2 |  11.1
     Lair:6 |    9701 |   13179 |  57.6 |      40 |      49 |  55.1
    Swamp:1 |   10742 |    1551 |  12.6 |      31 |       1 |   3.1
    Swamp:2 |   13636 |       0 |   0.0 |      36 |       0 |   0.0
    Swamp:3 |    6542 |       0 |   0.0 |      23 |       0 |   0.0
    Swamp:4 |   10756 |   21161 |  66.3 |      31 |      34 |  52.3
   Spider:1 |   16825 |       0 |   0.0 |      40 |       0 |   0.0
   Spider:2 |   10431 |    7709 |  42.5 |      30 |      12 |  28.6
   Spider:3 |   15112 |    7391 |  32.8 |      40 |      10 |  20.0
   Spider:4 |   14199 |   26048 |  64.7 |      38 |      44 |  53.7
      Orc:1 |     428 |    3611 |  89.4 |       7 |       9 |  56.2
      Orc:2 |    2738 |    6770 |  71.2 |      19 |      56 |  74.7
      Elf:1 |   21670 |   17413 |  44.6 |      39 |      36 |  48.0
      Elf:2 |   17511 |   23850 |  57.7 |      26 |      28 |  51.9
      Elf:3 |    1804 |       0 |   0.0 |       3 |       0 |   0.0
   Vaults:1 |   28003 |   14313 |  33.8 |      48 |      20 |  29.4
   Vaults:2 |   12828 |   23307 |  64.5 |      30 |      37 |  55.2
   Vaults:3 |   12415 |    5578 |  31.0 |      21 |      15 |  41.7
    Abyss:2 |    4134 |       0 |   0.0 |       8 |       0 |   0.0
      IceCv |       0 |    3445 | 100.0 |       0 |      25 | 100.0
 Desolation |       0 |    6771 | 100.0 |       0 |      13 | 100.0
   Gauntlet |       0 |    5157 | 100.0 |       0 |      13 | 100.0
            +---------+---------+-------+---------+---------+-------
